 Dungeon Crawl Stone Soup version 0.27-a0-1147-gb3d8e82157 (webtiles) character file.

Game seed: 5509953501454872263

88 kae the Skirmisher (level 4, -1/37 HPs)
             Began as a Demonspawn Fighter on May 11, 2021.
             Succumbed to a water moccasin's poison
             ... on level 3 of the Dungeon.
             The game lasted 00:01:23 (2834 turns).

kae the Skirmisher (Demonspawn Fighter)             Turns: 2834, Time: 00:01:23

Health: -1/37      AC:  6    Str: 17    XL:     4   Next: 29%
Magic:  4/4        EV:  6    Int:  9    God:
Gold:   102        SH: 17    Dex: 13    Spells: 3/3 levels left

rFire    . . .     SeeInvis .   a - +0 long sword (venom)
rCold    . . .     Faith    .   c - +0 kite shield
rNeg     . . .     Spirit   .   b - +0 scale mail
rPois    .         Reflect  +   (no helmet)
rElec    .         Harm     .   (no cloak)
rCorr    .         Rampage  .   (no gloves)
Will     .....                  (no boots)
Stlth    ..........             m - amulet of reflection
HPRegen  0.12/turn              (no ring)
MPRegen  0.18/turn              (no ring)

@: lethally poisoned (-1 -> -16), about to teleport
A: large bone plates 1, magic regeneration
a: no special abilities


You were on level 3 of the Dungeon.
You visited 1 branch of the dungeon, and saw 3 of its levels.

You collected 140 gold pieces.
You spent 38 gold pieces at shops.

Inventory:

Hand Weapons
 a - a +0 long sword of venom (weapon)
Missiles
 e - 5 curare-tipped darts
 k - 2 throwing nets (quivered)
Armour
 b - a +0 scale mail (worn)
 c - a +0 kite shield (worn)
Jewellery
 m - an amulet of reflection (around neck)
Scrolls
 j - 4 scrolls of identify
Potions
 d - a potion of might
 g - 4 potions of brilliance
 n - 2 potions of magic


   Skills:
 + Level 3.8 Fighting
 * Level 3.5 Long Blades
 - Level 2.6 Armour
 - Level 2.6 Shields


You had 3 spell levels left.
You didn't know any spells.
Your spell library was empty.

Dungeon Overview and Level Annotations

Branches:
Dungeon (3/15)

Altars:
Kikubaaqudgha

Shops:
D:2 *


Innate Abilities, Weirdness & Mutations

You are partially covered in large bone plates. (SH +4)
You regenerate magic rapidly.


Message History

You start resting.
You feel sick.
You are no longer poisoned.
Key pressed, stopping explore.
HP restored.
You now have 102 gold pieces (gained 16).
A water moccasin is nearby!
A water moccasin is nearby!
A water moccasin is nearby!
A water moccasin is nearby!
The water moccasin hisses angrily.
A water moccasin is nearby!
You block the water moccasin's attack. x2
You miss the water moccasin. You block the water moccasin's attack.
The water moccasin bites you.
You are poisoned.
The water moccasin poisons you!
You miss the water moccasin.
You feel very sick. You block the water moccasin's attack.
The water moccasin bites you.
You are too injured to fight recklessly!
You are too injured to fight recklessly!
You are too injured to fight recklessly!
You barely miss the water moccasin.
You feel very sick. You block the water moccasin's attack.
The water moccasin bites you.
You are lethally poisoned!
The water moccasin poisons you!
You slash the water moccasin!
The water moccasin is moderately wounded.
* * * LOW HITPOINT WARNING * * *
You feel extremely sick. You block the water moccasin's attack.
The water moccasin bites you but does no damage.
As you read the scroll of teleportation, it crumbles to dust.
You feel strangely unstable.
* * * LOW HITPOINT WARNING * * *
You feel very sick. The water moccasin barely misses you.
Okay, then.
You die...

##...##............#
..............####.#
###.###...#.#[####.##
#.............#######.
#.#.#.#.##..#.........
#.#.....###...########
#.###.### ##S## ..#
#.#####...#
###.###.@.S.......
.#......#####...###
#.#####.# ##.## #.# #.#
#.# #.# #.# #.# ##.##
#.# #.# .S ##...##
#.######.###....
#.....###...............
#..........#####.#


You could see a water moccasin.

Vanquished Creatures
  3 adders (D:2)
  2 worms (D:2)
  A dart slug (D:2)
  4 orcs (D:3)
  2 ball pythons (D:1)
  3 endoplasms
  3 giant cockroaches (D:2)
  3 goblins
  7 hobgoblins
  2 quokkas (D:1)
  3 bats (D:1)
  4 frilled lizards
  6 kobolds
  5 rats
48 creatures vanquished.

Notes
Turn   | Place    | Note
-------+----------+-------------------------------------------
     0 | D:1      | kae the Demonspawn Fighter began the quest for the Orb.
     0 | D:1      | Reached XP level 1. HP: 18/18 MP: 1/1
   653 | D:1      | Gained mutation: You regenerate magic rapidly. [demonic
                  | ancestry]
   653 | D:1      | Reached XP level 2. HP: 17/24 MP: 2/2
   745 | D:1      | Found a faded altar of an unknown god.
  1689 | D:2      | Gained mutation: You are partially covered in large bone
                  | plates. (SH +4) [demonic ancestry]
  1689 | D:2      | Reached XP level 3. HP: 29/29 MP: 3/3
  1940 | D:2      | Found Meehivvo's Assorted Antiques.
  1944 | D:2      | Bought a dark potion for 19 gold pieces
  1944 | D:2      | Bought a sedimented coppery potion for 19 gold pieces
  2168 | D:2      | Reached XP level 4. HP: 35/37 MP: 4/4
  2433 | D:3      | Found an ancient bone altar of Kikubaaqudgha.
  2614 | D:3      | Noticed a water moccasin
  2834 | D:3      | Succumbed to a water moccasin's poison

Illustrated notes

Levels and vault maps discovered:
D:1:      heliophobic_arrival_battle_scene, layout_loops_ring,
          shapermc_ecumenical_altar_flowoftime
D:2:      layout_rooms, serial_shops, nicolae_shop_stone
D:3:      layout_loops_ring, nicolae_kikubaaqudgha_miasma_corner,
          chequers_serial_rivers_small_b, grunt_ministairs_12

Skill      XL: |  1  2  3 |
---------------+----------+-----
Long Blades    | 2 3 |  3.5
Fighting       | |  3.8
Armour         | |  2.6
Shields        | |  2.6

Action                   |  1- 3 |  4- 6 || total
-------------------------+-------+-------++-------
Melee: Long sword        |   131 |    32 ||   163
  Use: Scroll            |     8 |     3 ||    11
Armor: Scale mail        |    54 |     4 ||    58
Dodge: Dodged            |    33 |     3 ||    36
Block: Kite shield       |    66 |    33 ||    99
       Rpst.: Long sword |    10 |     1 ||    11

Table legend: (Time is in decaauts)
 A = Elapsed time spent in this place.
 B = Non-inter-level travel time spent in this place.
 C = Inter-level travel time spent in this place.
 D = Time resting spent in this place.
 E = Time spent auto-exploring this place.
 F = Levels seen in this place.
 G = Mean time per level.
                   A        B        C        D        E       F      G
               +--------+--------+--------+--------+--------+-----+--------+
         Total |   2916 |   2858 |     58 |     21 |   2431 |   3 |  972.0 |
       Dungeon |   2916 |   2858 |     58 |     21 |   2431 |   3 |  972.0 |
               +--------+--------+--------+--------+--------+-----+--------+

Top non-repeatable levels by time:
     D:1: 1432 daAuts
     D:2: 888 daAuts
     D:3: 595 daAuts
